 Dungeon Crawl Stone Soup version 0.27.0-1-g7a089689b8 (webtiles) character file.

Game seed: 14735791884389344453

19989 jt the Severer (level 12, 0/160 HPs)
             Began as a Palentonga Chaos Knight on Aug 6, 2021.
             Was a Plaything of Xom.
             Slain by a death yak (10 damage)
             ... in an ice cave.
             The game lasted 00:37:09 (9756 turns).

jt the Severer (Palentonga Chaos Knight)            Turns: 9756, Time: 00:37:12

Health: 0/160      AC: 18    Str: 25      XL:     12   Next: 41%
Magic:  12/12      EV: 13    Int: 11 (12) God:    Xom [*.....]
Gold:   247        SH:  5    Dex: 12      Spells: 11/11 levels left

rFire    + . .     SeeInvis +   a - +1 broad axe (flame)
rCold    . . .     Faith    .   H - +0 buckler
rNeg     . . .     Spirit   .   K - +2 leather armour {rF+}
rPois    +         Reflect  .   i - +2 hat
rElec    .         Harm     .   e - scarf {repulsion}
rCorr    .         Rampage  .   u - +0 pair of gloves
Will     +....                  (no barding)
Stlth    ..........             t - amulet of regeneration
HPRegen  1.36/turn              h - +4 ring of evasion
MPRegen  0.13/turn              N - +6 ring of strength

@: mighty, berserking, hasted, repel missiles, curled up, very quick
A: large, rugged brown scales 3, see invisible, deformed body, roll 2, armoured
tail, reflexive curl, antennae 1, hooves 2, iridescent scales 1, deterioration
1, strong-willed 1, mutation resistance 1, passive freeze, poison resistance
a: Rolling Charge, Renounce Religion


You were in an ice cave.
You worshipped Xom.
You were a special plaything of Xom.
You visited 2 branches of the dungeon, and saw 12 of its levels.
You also visited: Ice Cave.

You collected 592 gold pieces.
You spent 345 gold pieces at shops.

Inventory:

Hand Weapons
 a - a +1 broad axe of flaming (weapon)
 b - a +1 hand axe of venom
 l - a +0 hunting sling
 n - a +4 whip of flaming
 P - a +0 hand crossbow
 S - a +1 hand axe of chaos
 X - a +2 spear of venom
Missiles
 c - 335 stones
 o - 83 bolts
 q - a curare-tipped dart
 y - 65 sling bullets
 C - 3 silver boomerangs
 D - 11 boomerangs
 F - 4 silver javelins
 Q - 3 poisoned darts
 R - 6 atropa-tipped darts
Armour
 e - a scarf of repulsion (worn)
 i - a +2 hat (worn)
 u - a +0 pair of gloves (worn)
 H - a +0 buckler (worn)
 K - a +2 leather armour of fire resistance (worn)
 M - a +0 cloak of poison resistance
 W - a +0 tower shield
Magical Staves
 w - a staff of cold
Jewellery
 h - a +4 ring of evasion (left hand)
 t - an amulet of regeneration (around neck)
 J - a +6 ring of dexterity
 N - a +6 ring of strength (right hand)
 Z - an amulet of the acrobat
Wands
 r - a wand of iceblast (21)
 B - a wand of polymorph (27)
 I - a wand of flame (27)
 O - a wand of acid (3)
 U - a wand of paralysis (5)
Scrolls
 d - a scroll of holy word
 f - a scroll of fog
 g - 2 scrolls of teleportation
 z - a scroll of torment
Potions
 j - a potion of brilliance
 k - 2 potions of haste
 m - a potion of berserk rage
 p - 3 potions of curing
 s - 2 potions of lignification
 A - a potion of magic


   Skills:
 + Level 11.5 Fighting
 + Level 15.0 Axes
 - Level 1.5 Armour
 - Level 0.7 Dodging
 + Level 5.1 Shields
 - Level 5.0 Evocations


You had 11 spell levels left.
You didn't know any spells.
Your spell library contained the following spells:

 Spells                   Type           Power      Damage    Failure   Level
 Summon Small Mammal      Summ           0%         N/A       38%         1
 Corpse Rot               Necr/Air       N/A        N/A       52%         2
 Poisonous Vapours        Pois/Air       0%         N/A       52%         2
 Call Canine Familiar     Summ           0%         N/A       77%         3
 Summon Guardian Golem    Hex/Summ       0%         N/A       77%         3
 Animate Dead             Necr           0%         N/A       99%         4
 Passage of Golubria      Tloc           N/A        N/A       99%         4
 Borgnjor's Vile Clutch   Necr/Erth      0%         N/A       100%        5
 Freezing Cloud           Conj/Ice/Air   0%         6-21      100%        5
 Silence                  Hex/Air        0%         N/A       100%        5
 Death Channel            Necr           0%         N/A       100%        6
 Simulacrum               Ice/Necr       0%         N/A       100%        6
 Lehudib's Crystal Spear  Conj/Erth      0%         10d2      100%        8
 Polar Vortex             Ice            0%         N/A       100%        9


Dungeon Overview and Level Annotations

Branches:
Dungeon (11/15)            Temple (1/1) D:7            Lair (0/6) D:11
  IceCv (1/1)
    Orc: D:9-12

Altars:
Ashenzari
Dithmenos
Elyvilon
Gozag
Hepliaklqana
Qazlal
Sif Muna
Uskayaw
Vehumet
Xom
Yredelemnul
Zin
The Shining One

Shops:
D:1 !   D:2 [   D:6 [   D:10 *


Innate Abilities, Weirdness & Mutations

You are completely covered in rugged brown scales. (AC +3, +7% HP)
You have supernaturally acute eyesight. (SInv)
Armour fits poorly on your strangely shaped body.
You can roll at foes to attack.
You have a long armoured tail.
You curl defensively after being hit.
You have a pair of small antennae on your head.
You have hoof-like feet.
You are partially covered in iridescent scales. (AC +2)
Your body sometimes deteriorates upon taking damage.
You are strong-willed. (Will+)
You are somewhat resistant to further mutation.
A frigid envelope surrounds you and freezes all who hurt you.
Your system is resistant to poisons. (rPois)


Message History

The ironbound frostheart evaporates and reforms as a hydra!
The death yak snorts and paws the ground.
The death yak barely misses you.
You slice one of the six-headed hydra's heads off!
The flame cauterises the wound!
You slice the five-headed hydra!! You burn the five-headed hydra.
You kill the five-headed hydra!
You barely miss the death yak. The ice encasing you melts away.
Your Axes skill increases to level 15!
You slash the death yak! You burn the death yak.
The death yak is moderately wounded.
You barely miss the polar bear. The death yak gores you!!
* * * LOW HITPOINT WARNING * * *
The death yak is very cold.
The death yak is moderately wounded.
You slice the death yak!! You burn the death yak!
You kick the death yak, but do no damage.
You tail-slap the death yak!
The death yak is almost dead.
You slash the polar bear! You burn the polar bear. The polar bear bites you!
* * * LOW HITPOINT WARNING * * *
The polar bear resists.
The polar bear is very cold.
The polar bear is severely wounded.
The polar bear closely misses you.
The polar bear claws you but does no damage.
The polar bear resists.
The polar bear is very cold.
The polar bear is severely wounded.
Press: ? - help, v - describe, . - travel, g - get item
Here: a polar bear (severely wounded)
Items here: a +0 scale mail; a wolf corpse; a death yak corpse.
The floor, spattered with blood.
You barely miss the death yak. You kick the death yak.
You tail-slap the death yak!
The death yak is almost dead.
You slice the polar bear!! You burn the polar bear.
You kill the polar bear!
The death yak gores you!
You die... "It was about time."

.. #. #.##.#
#..##. .... ##.#
.## .h.p
##..###.# Y..h.
##...##..##
.YY..
#...#..#..# ...Y
#...#.#.#.###..#
#..######.@#{.#
#..#≈##≈##Y[.#
#.##≈≈#≈≈##.##
#.##≈≈≈≈≈≈###
##.#≈≈≈≈≈≈#
#.#≈≈≈≈≈≈≈
##≈≈≈≈≈≈≈≈ ..☼.
##≈≈≈≈≈≈≈≈
...○##
#≈≈#≈≈≈≈≈#
.°☼..#


You could see a death yak.

Vanquished Creatures
  A hydra (IceCv)
  An ironbound frostheart (IceCv)
  A two-headed ogre (D:11)
  3 death yaks (IceCv)
  Pikel (D:5)
  Joseph (D:8)
  An ice statue (IceCv)
  Maggie (D:8)
  5 polar bears (IceCv)
  3 hornets
  37 yaks
  2 wraiths
  5 wyverns
  Eustachio (D:6)
  Grum (D:9)
  A steam dragon (D:7)
  Menkaure (D:6)
  3 acid dragons
  A floating eye (IceCv)
  3 hornet zombies
  2 sky beasts
  An ice beast (D:5)
  A black bear (D:6)
  3 orc warriors
  A necrophage (D:6)
  18 wolves
  A lemure (D:5)
  3 centaurs
  2 phantoms (D:5)
  2 kobold brigands (D:8)
  5 bullfrogs
  A scorpion (D:6)
  A two-headed ogre simulacrum (D:11)
  A water moccasin zombie (D:6)
  A wyvern skeleton (D:5)
  21 killer bees
  4 wights
  A howler monkey (D:8)
  A bullfrog zombie (D:6)
  4 hounds
  2 centaur skeletons (D:5)
  7 orc priests
  2 centaur zombies (D:8)
  A bullfrog skeleton (D:5)
  4 iguanas
  Ijyb (D:5)
  15 orc wizards
  A spriggan simulacrum (D:11)
  4 killer bee zombies
  A hound zombie (D:5)
  A howler monkey zombie (D:6)
  3 gnolls (D:6)
  4 adders
  5 white imps
  An ufetubus (D:5)
  An adder skeleton (D:4)
  A worm (D:4)
  4 dart slugs
  31 orcs
  5 bats
  8 endoplasms
  3 giant cockroaches
  9 goblins
  4 hobgoblins
  10 jackals
  11 kobolds
  4 quokkas
  8 ball pythons
  2 frilled lizards (D:1)
  3 rats
  A spectral orc (D:9)
304 creatures vanquished.

Vanquished Creatures (collateral kills)
  A polar bear (IceCv)
  2 ogres (D:4)
  A wolf (IceCv)
  A scorpion (D:4)
  A killer bee (D:8)
  A hound (D:4)
  3 gnolls (D:4)
  An adder (D:4)
  An orc (D:4)
  A ball python (D:4)
  A hobgoblin (D:4)
14 creatures vanquished.

Vanquished Creatures (others)
  A polar bear (IceCv)
  2 yaks (IceCv)
  A wolf (IceCv)
  A dart slug (D:3)
  4 plants (D:5)
9 creatures vanquished.

Grand Total: 327 creatures vanquished

Notes
Turn   | Place    | Note
-------+----------+-------------------------------------------
     0 | D:1      | jt the Palentonga Chaos Knight began the quest for the Orb.
     0 | D:1      | Reached XP level 1. HP: 19/19 MP: 1/1
    93 | D:1      | Reached XP level 2. HP: 22/25 MP: 2/2
    98 | D:1      | XOM: divination: magic mapping
   239 | D:1      | XOM: silly message
   280 | D:1      | XOM is BORED!
   280 | D:1      | XOM: 4-stop teleportation journey
   403 | D:1      | Reached skill level 4 in Axes
   492 | D:1      | Reached XP level 3. HP: 20/31 MP: 3/3
   848 | D:1      | Found Yrghu's Distillery.
   856 | D:1      | Bought a potion of curing for 39 gold pieces
  1096 | D:2      | Found Efate's Antique Armour Shop.
  1347 | D:2      | XOM: cloud trail
  1438 | D:2      | Found a faded altar of an unknown god.
  1453 | D:2      | XOM is BORED!
  1453 | D:2      | XOM: silly message
  1617 | D:3      | XOM: stealth player
  1670 | D:3      | Reached skill level 5 in Axes
  1670 | D:3      | Reached XP level 4. HP: 25/37 MP: 4/4
  1689 | D:3      | Reached XP level 5. HP: 14/43 MP: 5/5
  1772 | D:2      | XOM: silly message
  1998 | D:3      | XOM: silly message
  2041 | D:3      | XOM: silly message
  2103 | D:3      | XOM: silly message
  2150 | D:3      | XOM: noise
  2187 | D:3      | XOM: silly message
  2215 | D:3      | Found a radiant altar of Vehumet.
  2224 | D:3      | XOM: 3-stop teleportation journey
  2255 | D:3      | XOM: stat loss: -1 Str (15/16)
  2625 | D:1      | Bought a potion of heal wounds for 65 gold pieces
  2680 | D:4      | XOM: confuse monster(s)
  2682 | D:4      | Reached skill level 6 in Axes
  2683 | D:4      | Noticed an ogre
  2807 | D:4      | Noticed an ogre
  2824 | D:4      | Killed an ogre
  2845 | D:4      | Reached XP level 6. HP: 50/50 MP: 6/6
  2900 | D:4      | Reached skill level 7 in Axes
  3325 | D:4      | XOM: give mutations
  3325 | D:4      | Gained mutation: A frigid envelope surrounds you and
                  | freezes all who hurt you. [Xom's grace]
  3325 | D:4      | Gained mutation: You can roll at foes to attack. [Xom's
                  | grace]
  3325 | D:4      | Gained mutation: Your system is resistant to poisons.
                  | (rPois) [Xom's grace]
  3361 | D:4      | Found a shimmering altar of Xom.
  3361 | D:4      | Found a white marble altar of Elyvilon.
  3436 | D:5      | Entered Level 5 of the Dungeon
  3635 | D:5      | Reached skill level 8 in Axes
  3635 | D:5      | Gained mutation: You curl defensively after being hit.
                  | [Palentonga growth]
  3635 | D:5      | Reached XP level 7. HP: 55/55 MP: 7/7
  3684 | D:5      | XOM: give mutations
  3684 | D:5      | Gained mutation: Your body sometimes deteriorates upon
                  | taking damage. [Xom's mischief]
  3684 | D:5      | Gained mutation: You are dopey. (Int -2) [Xom's mischief]
  3736 | D:5      | XOM: swap monsters
  3760 | D:5      | Found a shimmering blue altar of Sif Muna.
  3763 | D:5      | Noticed Ijyb
  3767 | D:5      | Killed Ijyb
  3768 | D:5      | Reached skill level 9 in Axes
  3774 | D:5      | Found an opulent altar of Gozag.
  3923 | D:5      | Found a hide-covered altar of Uskayaw.
  4104 | D:5      | XOM: potion effect (curing)
  4266 | D:5      | XOM: summons 4 hostile shadow creatures
  4407 | D:5      | Found a shadowy altar of Dithmenos.
  4459 | D:5      | Noticed Pikel
  4461 | D:5      | XOM: enchant monster (bad)
  4466 | D:5      | XOM: potion effect (might)
  4467 | D:5      | Killed Pikel
  4468 | D:5      | Reached skill level 10 in Axes
  4468 | D:5      | Reached XP level 8. HP: 59/62 MP: 8/8
  4814 | D:5      | Reached skill level 11 in Axes
  4984 | D:6      | Noticed Eustachio
  4987 | D:6      | XOM: potion effect (might)
  4998 | D:6      | Killed Eustachio
  4999 | D:6      | Reached XP level 9. HP: 51/70 MP: 9/9
  5007 | D:6      | XOM: cast spell 'Summon Ice Beast'
  5074 | D:6      | Found a hazy altar of Hepliaklqana.
  5092 | D:6      | Found Mujal's Armour Emporium.
  5108 | D:6      | Bought a +0 buckler for 49 gold pieces
  5179 | D:6      | Reached skill level 5 in Fighting
  5179 | D:6      | Reached skill level 1 in Shields
  5380 | D:6      | Noticed Menkaure
  5400 | D:6      | Killed Menkaure
  5446 | D:6      | XOM: scenery: summon butterflies
  5889 | D:7      | XOM: smoke on damage
  5894 | D:7      | Reached skill level 12 in Axes
  5907 | D:7      | XOM: confuse monster(s)
  5910 | D:7      | Found a staircase to the Ecumenical Temple.
  6007 | D:7      | XOM: 6-stop teleportation journey
  6063 | D:7      | Found a glowing golden altar of the Shining One.
  6105 | D:7      | XOM: give mutations
  6105 | D:7      | Gained mutation: You are clumsy. (Dex -2) [Xom's mischief]
  6105 | D:7      | Lost mutation: You are dopey. (Int -2) [Xom's mischief]
  6275 | D:7      | Found a broken altar of Ashenzari.
  6339 | D:8      | Noticed Joseph
  6451 | D:8      | XOM: summons friendly white imp
  6459 | D:8      | XOM: divination: magic mapping
  6460 | D:8      | XOM: divination: detect creatures
  6463 | D:8      | Reached skill level 1 in Evocations
  6469 | D:8      | XOM: potion effect (brilliance)
  6488 | D:8      | Killed Joseph
  6489 | D:8      | Reached XP level 10. HP: 18/82 MP: 10/10
  6642 | D:8      | XOM: scenery: summon butterflies
  6684 | Temple   | Entered the Ecumenical Temple
  6724 | D:8      | XOM: give mutations
  6724 | D:8      | Gained mutation: You can roll a great distance at foes to
                  | attack. [Xom's grace]
  6724 | D:8      | Gained mutation: You are robust. (+10% HP) [Xom's grace]
  6724 | D:8      | Gained mutation: You are somewhat resistant to further
                  | mutation. [Xom's grace]
  6831 | D:8      | Noticed Maggie
  6841 | D:8      | Killed Maggie
  7105 | D:8      | XOM: noise
  7106 | D:8      | XOM: potion effect (brilliance)
  7121 | D:8      | XOM: confuse monster(s)
  7296 | D:8      | XOM: give mutations
  7296 | D:8      | Lost mutation: You are clumsy. (Dex -2) [Xom's grace]
  7296 | D:8      | Gained mutation: You have a pair of small antennae on your
                  | head. [Xom's grace]
  7296 | D:8      | Gained mutation: You have large cloven feet. [Xom's grace]
  7296 | D:8      | Gained mutation: You have hoof-like feet. [Xom's grace]
  7366 | D:8      | XOM: cast spell 'Chain of Chaos'
  7498 | D:9      | XOM: divination: magic mapping
  7504 | D:9      | XOM: smoke on damage
  7516 | D:9      | XOM: 3-stop teleportation journey
  7602 | D:9      | Reached skill level 13 in Axes
  7618 | D:9      | XOM: god gift: scroll of fog
  7654 | D:9      | Found a basalt altar of Yredelemnul.
  7756 | D:9      | XOM: summons 6 hostile demons
  8014 | D:9      | XOM: god gift: scroll labelled COAREA WATZEI {god gift}
  8045 | D:9      | Reached skill level 5 in Evocations
  8070 | D:9      | Noticed Grum
  8072 | D:9      | XOM: god gift: scroll of enchant weapon
  8076 | D:9      | Reached XP level 11. HP: 89/101 MP: 11/11
  8082 | D:9      | Killed Grum
  8393 | D:10     | Entered Level 10 of the Dungeon
  8432 | D:10     | Paralysed by a hornet for 2 turns
  8574 | D:10     | Found a glowing silver altar of Zin.
  8642 | D:10     | XOM: give mutation
  8642 | D:10     | Gained mutation: You are partially covered in iridescent
                  | scales. (AC +2) [Xom's grace]
  8651 | D:10     | XOM: cast spell 'Disjunction'
  8717 | D:10     | XOM: god gift: 7 stones
  8720 | D:10     | Found Manutey's Hallowed Reliquary.
  8720 | D:10     | Noticed an angel
  8726 | D:10     | Bought a scroll of holy word for 82 gold pieces
  8726 | D:10     | Bought 2 potions of heal wounds for 110 gold pieces
  8874 | D:10     | XOM: noise
  8896 | D:10     | XOM: swap monsters
  8950 | D:10     | XOM: god gift: scroll labelled WINIRRAUHO {god gift}
  9027 | D:10     | Found a stormy altar of Qazlal.
  9252 | D:11     | XOM: confuse monster(s)
  9255 | D:11     | Reached skill level 14 in Axes
  9256 | D:11     | Reached skill level 10 in Fighting
  9284 | D:11     | Noticed a two-headed ogre
  9286 | D:11     | Lost mutation: You can roll a great distance at foes to
                  | attack. [potion of mutation]
  9286 | D:11     | Lost mutation: You are robust. (+10% HP) [potion of
                  | mutation]
  9286 | D:11     | Gained mutation: You are strong-willed. (Will+) [potion of
                  | mutation]
  9287 | D:11     | Killed a two-headed ogre
  9319 | D:11     | XOM: cast spell 'Cause Fear'
  9331 | D:11     | Found a frozen archway.
  9349 | IceCv    | Entered an ice cave
  9481 | IceCv    | XOM: destruction
  9574 | IceCv    | Reached XP level 12. HP: 105/105 MP: 12/12
  9626 | IceCv    | XOM: silly message
  9629 | IceCv    | Noticed a death yak
  9645 | IceCv    | XOM: silly message
  9646 | IceCv    | Killed a death yak
  9725 | IceCv    | Noticed a death yak
  9725 | IceCv    | Noticed an ironbound frostheart
  9725 | IceCv    | Noticed a death yak
  9725 | IceCv    | Noticed a death yak
  9725 | IceCv    | Noticed an ironbound frostheart
  9726 | IceCv    | Noticed a death yak
  9732 | IceCv    | Killed a death yak
  9738 | IceCv    | a death yak changed into a floating eye
  9738 | IceCv    | XOM: polymorph death yak -> floating eye
  9741 | IceCv    | Killed a death yak
  9743 | IceCv    | Killed an ironbound frostheart
  9744 | IceCv    | Reached skill level 5 in Shields
  9752 | IceCv    | Noticed a six-headed hydra
  9752 | IceCv    | an ironbound frostheart changed into a six-headed hydra
  9752 | IceCv    | XOM: polymorph ironbound frostheart -> six-headed hydra
  9753 | IceCv    | Killed a five-headed hydra
  9754 | IceCv    | Reached skill level 15 in Axes
  9756 | IceCv    | Slain by a death yak

Illustrated notes

Levels and vault maps discovered:
D:1:      amcnicky_arrival_blooded_trapdoor, layout_loops_ring, serial_shops,
          shop, minmay_tripent
D:2:      layout_loops_cross, ebering_ecumenical_altar_mist, serial_shops,
          nicolae_shop_waterfront
D:3:      layout_basic, fiery_altar_vehumet
D:4:      layout_loops_ring, gammafunk_temple_overflow_elements
D:5:      layout_loops_corners, mainiacjoe_overflow_catwalk_spiral,
          nicolae_overflow_crystal_walls, grunt_dithmenos_shadows,
          serial_bayou_lagoon_b, uniq_pikel, uniq_ijyb
D:6:      layout_layer_cave, mainiacjoe_overflow_paths, serial_shops,
          nicolae_shop_statue_plus, minmay_checkerbox, uniq_menkaure,
          uniq_eustachio
D:7:      layout_rooms, mainiacjoe_overflow_catwalk, kennysheep_mini_moat,
          minmay_temple_entry_antechambers
D:8:      layout_loops_ring, kennysheep_kite_vault, uniq_maggie, uniq_joseph
D:9:      layout_basic, yredelemnul_forgotten_temple_becter, uniq_grum
D:10:     layout_gridville, mainiacjoe_overflow_surrounded_room,
          grunt_qazlal_clouds, nicolae_good_shop
D:11:     layout_irregular_city, david_lair_generic,
          portal_ice_cave_entry_ice_simulacra, minmay_pinched_square,
          uniq_nergalle
Temple:   nicolae_temple_figure_zero
IceCv:    ice_cave_caverns_02

Skill      XL: |  1  2  3  4  5  6  7  8  9 10 11 12 |
---------------+-------------------------------------+-----
Axes           | 4 5 6 8 10 11 12 13 14 15 | 15.0
Fighting       | 4 6 8 10 11 | 11.5
Shields        | 2 3 5 |  5.1
Evocations     | 2 5 |  5.0
Armour         | |  1.5
Dodging        | |  0.7

Action                   |  1- 3 |  4- 6 |  7- 9 | 10-12 || total
-------------------------+-------+-------+-------+-------++-------
Melee: Hand axe          |   103 |    95 |   250 |    37 ||   485
       Tailslap          |     4 |    11 |    38 |    57 ||   110
       Broad axe         |       |       |       |   308 ||   308
       Kick              |       |       |       |    87 ||    87
Throw: Stone             |     2 |     2 |       |       ||     4
       Javelin           |       |       |     1 |     1 ||     2
       Dart              |       |       |       |     2 ||     2
 Abil: Rolling Charge    |    30 |    25 |    48 |    70 ||   173
Evoke: Wand              |       |       |     1 |     8 ||     9
  Use: Potion            |       |     1 |     3 |    10 ||    14
       Scroll            |       |     3 |     8 |     4 ||    15
 Stab: Confused          |       |     1 |       |       ||     1
       Paralysed         |       |       |     2 |       ||     2
Armor: Leather armour    |    48 |    24 |    61 |    89 ||   222
Dodge: Dodged            |    37 |    50 |   120 |   177 ||   384
       Repelled          |       |     1 |     1 |     1 ||     3
Block: Buckler           |       |       |    17 |    56 ||    73
